 Dungeon Crawl Stone Soup version 0.26-a0-597-gb535b0901c (console) character file.

Game seed: 9078210338694556358

(classic levelgen) 190 donkeybrains the Covered (level 5, -3/46 HPs)
             Began as a Minotaur Fighter on Sept 7, 2020.
             Was an Initiate of Makhleb.
             Engulfed by a cloud of flame (32 damage)
             ... on level 3 of the Dungeon.
             The game lasted 00:01:45 (1884 turns).

donkeybrains the Covered (Minotaur Fighter)         Turns: 1884, Time: 00:01:46

Health: -3/46      AC:  8    Str: 22    XL:     5   Next: 41%
Magic:  4/4        EV:  8    Int:  5    God:    Makhleb [......]
Gold:   74         SH:  9    Dex:  9    Spells: 4/4 levels left

rFire    . . .     SeeInvis .   a - +0 war axe
rCold    . . .     Faith    .   E - +0 kite shield
rNeg     . . .     Spirit   .   F - +0 scale mail
rPois    .         Reflect  .   (helmet restricted)
rElec    .         Harm     .   A - +0 cloak (curse)
rCorr    .                      (no gloves)
MR       .....                  (no boots)
Stlth    ..........             (no amulet)
HPRegen  0.15/turn              (no ring)
MPRegen  0.09/turn              (no ring)

@: no status effects
A: retaliatory headbutt, horns 2
a: Renounce Religion


You were on level 3 of the Dungeon.
You worshipped Makhleb.
Makhleb was noncommittal.
You visited 1 branch of the dungeon, and saw 3 of its levels.

You collected 74 gold pieces.

Inventory:

Hand Weapons
 a - a +0 war axe (weapon)
Armour
 A - a cursed +0 cloak (worn)
 E - a +0 kite shield (worn)
 F - a +0 scale mail (worn)
Jewellery
 l - an uncursed ring of ice {unknown}
Wands
 j - a wand of random effects (12)
Scrolls
 b - a scroll of teleportation {unknown}
 c - 2 scrolls of amnesia {unknown}
 f - a scroll of enchant weapon {unknown}
 i - a scroll of enchant armour
 m - a scroll of magic mapping {unknown}
 o - a scroll of immolation
 p - a scroll of fear {unknown}
 q - a scroll of remove curse {unknown}
 r - a scroll of identify
 s - a scroll of blinking {unknown}
Potions
 d - a potion of might
 e - 2 potions of brilliance
 g - a potion of degeneration {unknown}
 h - 2 potions of curing {unknown}
 k - a potion of heal wounds {unknown}
 n - 2 potions of berserk rage {unknown}


   Skills:
 + Level 4.2 Fighting
 * Level 4.1 Axes
 + Level 1.4 Throwing
 + Level 4.2 Armour
 + Level 1.5 Dodging
 + Level 4.2 Shields
 + Level 1.0 Invocations
 + Level 1.0 Evocations


You had 4 spell levels left.
You didn't know any spells.
Your spell library was empty.

Dungeon Overview and Level Annotations

Branches:
Dungeon (3/15)

Altars:
Dithmenos
Makhleb
Trog


Innate Abilities, Weirdness & Mutations

You reflexively headbutt those who attack you in melee.
You have a pair of horns on your head.


Message History

Okay, then.
As you read the scroll labeled WUD TOLYCZOADGH, it crumbles to dust.
It is a scroll of enchant armour.
Your cursed -1 cloak glows green for a moment.
As you read the scroll labeled QEOFFO GESYM, it crumbles to dust.
The creatures around you are filled with an inner flame!
It was a scroll of immolation.
As you read the scroll labeled HINWEM NELONYL, it crumbles to dust.
It is a scroll of identify.
e - 2 potions of brilliance;
r - a scroll of identify
c - 2 scrolls labeled EGHOSSIOGG You miss the frilled lizard.
You block the frilled lizard's attack. The frilled lizard barely misses you.
You hit the frilled lizard.
The frilled lizard explodes!
The fiery explosion engulfs you! Makhleb accepts your kill.
You are engulfed in blazing flames.
Ouch! That really hurt!
You die...

#.#.#.## ##...).##
#.....# ##.(.##
###.### ##'## #.#
#.#### #.#
#####..... #.#
.......#### #.#
#####...## #.#
#.....## #@#
##...#.. #.❋❋.....
#..##.#
######.#.###..##.#
#...).....#
#.#####......
#......>.####
########.# #.# #.#


There were no monsters in sight!

Vanquished Creatures
  A centaur (D:3)
  Jessica (D:3)
  3 adders
  An ooze (D:2)
  2 worms
  2 dart slugs (D:1)
  4 giant cockroaches
  6 goblins
  4 hobgoblins
  5 bats (D:1)
  3 frilled lizards
  7 kobolds
  5 rats
44 creatures vanquished.

Notes
Turn   | Place    | Note
-------+----------+-------------------------------------------
     0 | D:1      | donkeybrains the Minotaur Fighter began the quest for the
                  | Orb.
     0 | D:1      | Reached XP level 1. HP: 19/19 MP: 0/0
    71 | D:1      | Reached XP level 2. HP: 14/27 MP: 1/1
   785 | D:2      | Found a bloodstained altar of Trog.
   814 | D:2      | Reached XP level 3. HP: 33/33 MP: 2/2
  1051 | D:2      | Found a burning altar of Makhleb.
  1081 | D:2      | Became a worshipper of Makhleb the Destroyer
  1126 | D:2      | Found a shadowy altar of Dithmenos.
  1217 | D:2      | Reached skill level 1 in Throwing
  1217 | D:2      | Reached skill level 1 in Dodging
  1518 | D:3      | Noticed Jessica
  1527 | D:3      | Killed Jessica
  1527 | D:3      | Reached XP level 4. HP: 29/40 MP: 3/3
  1632 | D:3      | Noticed a centaur
  1640 | D:3      | Killed a centaur
  1640 | D:3      | Reached skill level 1 in Invocations
  1640 | D:3      | Reached skill level 1 in Evocations
  1640 | D:3      | Reached XP level 5. HP: 31/46 MP: 4/4
  1884 | D:3      | Engulfed by a cloud of flame

Illustrated notes

Levels and vault maps discovered:
D:1:      minmay_arrival_radiant_lines, layout_basic
D:2:      layout_loops_ring, overflow_temple_1_default, lemuel_doored_altar,
          bloody_trog
D:3:      layout_loops_corners, marbit_many_paths, uniq_jessica, uniq_grinder

Skill      XL: |  1  2  3  4 |
---------------+-------------+-----
Axes           | 3 4 |  4.1
Armour         | 4 |  4.2
Fighting       | 4 |  4.2
Throwing       | 1 |  1.4
Dodging        | 1 |  1.5
Shields        | 4 |  4.2
Invocations    | 1 |  1.0
Evocations     | 1 |  1.0

Action                   |  1- 3 |  4- 6 || total
-------------------------+-------+-------++-------
Melee: War axe           |    69 |    15 ||    84
       Headbutt          |    14 |     1 ||    15
  Use: Scroll            |       |     3 ||     3
Armor: Scale mail        |    32 |     5 ||    37
Dodge: Dodged            |    27 |     6 ||    33
Block: Kite shield       |    34 |     4 ||    38

Table legend: (Time is in decaauts)
 A = Elapsed time spent in this place.
 B = Non-inter-level travel time spent in this place.
 C = Inter-level travel time spent in this place.
 D = Time resting spent in this place.
 E = Time spent auto-exploring this place.
 F = Levels seen in this place.
 G = Mean time per level.
                   A        B        C        D        E       F      G
               +--------+--------+--------+--------+--------+-----+--------+
         Total |   1917 |   1864 |     53 |     93 |   1494 |   3 |  639.0 |
       Dungeon |   1917 |   1864 |     53 |     93 |   1494 |   3 |  639.0 |
               +--------+--------+--------+--------+--------+-----+--------+

Top non-repeatable levels by time:
     D:1: 802 daAuts
     D:2: 702 daAuts
     D:3: 412 daAuts
